 Dungeon Crawl Stone Soup version 0.28-a0-1182-g381e24db82 (webtiles) character file.

Game seed: 4956012403951646474

52 LadyOphelia the Firebug (level 3, -13/26 HPs)
             Began as a Draconian Fire Elementalist on Dec 17, 2021.
             Engulfed by a cloud of flame (28 damage)
             ... on level 2 of the Dungeon.
             The game lasted 00:10:28 (2836 turns).

LadyOphelia the Firebug (DrFE)                      Turns: 2836, Time: 00:10:28

Health: -13/26     AC:  6    Str: 10    XL:     3   Next: 60%
Magic:  3/6        EV: 12    Int: 17    God:
Gold:   46         SH:  0    Dex: 11    Spells: 0/6 levels left

rFire   . . .      SeeInvis .   a - +3 dagger
rCold   . . .      Faith    .   (no shield)
rNeg    . . .      Spirit   .   (armour unavailable)
rPois   .          Reflect  .   (helmet restricted)
rElec   .          Harm     .   (no cloak)
rCorr   .          Rampage  .   (no gloves)
Will    .....                   j - +0 pair of boots
Stlth   ++........              (no amulet)
HPRegen 0.08/turn               (no ring)
MPRegen 0.10/turn               (no ring)

@: no status effects
A: AC +5, unfitting armour, cold-blooded
a: no special abilities


You were on level 2 of the Dungeon.
You visited 1 branch of the dungeon, and saw 2 of its levels.

You collected 46 gold pieces.

Inventory:

Hand Weapons
 a - a +3 dagger (weapon)
Armour
 j - a +0 pair of boots (worn)
Scrolls
 c - a scroll of amnesia
 e - a scroll of enchant armour {unknown}
 i - a scroll of fear {unknown}
 k - a scroll of identify
Potions
 b - a potion of haste {unknown}
 d - 2 potions of cancellation
 f - a potion of invisibility {unknown}
 g - 2 potions of curing {unknown}
 h - 2 potions of brilliance {unknown}


   Skills:
 - Level 2.0 Dodging
 + Level 2.3 Stealth
 + Level 2.4 Spellcasting
 + Level 1.7 Conjurations
 * Level 3.5 Fire Magic


You couldn't memorise any spells.
You knew the following spells:

 Your Spells              Type           Power      Damage    Failure   Level
a - Foxfire               Conj/Fire      44%        2x1d6     6%          1
b - Scorch                Fire           28%        2d6       7%          2
c - Inner Flame           Hex/Fire       8%         N/A       26%         3

Your spell library contained the following spells:

 Spells                   Type           Power      Damage    Failure   Level
 Conjure Flame            Conj/Fire      11%        6-21      19%         3
 Flame Wave               Conj/Fire      11%        2d5       52%         4
 Olgreb's Toxic Radiance  Pois           2%         N/A       88%         4
 Ozocubu's Refrigeration  Ice            1%         4d5       100%        7
 Ignition                 Fire           7%         3d4       100%        8


Dungeon Overview and Level Annotations

Branches:
Dungeon (2/15)

Altars:


Innate Abilities, Weirdness & Mutations

Your plain brown scales are hard. (AC +5)
You cannot fit into any form of body armour.
You are cold-blooded and may be slowed by cold attacks.


Message History

The ball python hisses angrily.
g - 2 bubbling pink potions (gained 1)
There are no items here.
Things that are here:
a +0 short sword; a stone; a kobold corpse
Casting: Scorch (safe; 7% risk of failure)
Confirm with . or Enter, or press ? or * to list all spells.
You can't see any susceptible monsters within range! (Use Z to cast anyway.)
A worm comes into view.
This spell is extremely dangerous to cast!
Memorise Inner Flame, consuming 3 spell levels and leaving 0?
You start memorising the spell.
You continue memorising. x3
You finish memorising.
Spell assigned to 'c'.
Found 10 gold pieces.
You swing at nothing.
Casting: Scorch (safe; 7% risk of failure)
Confirm with . or Enter, or press ? or * to list all spells.
You can't see any susceptible monsters within range! (Use Z to cast anyway.)
Casting: Scorch (safe; 7% risk of failure)
Confirm with . or Enter, or press ? or * to list all spells.
The spell is extremely dangerous to miscast (26% risk of failure)!
Continue anyway?
Okay, then.
Casting: Inner Flame (extremely dangerous; 26% risk of failure)
Confirm with . or Enter, or press ? or * to list all spells.
The spell is extremely dangerous to miscast (26% risk of failure)!
Continue anyway?
Uppercase [Y]es or [N]o only, please.
The spell is extremely dangerous to miscast (26% risk of failure)!
Continue anyway?
Aiming: Inner Flame (extremely dangerous; 26% risk of failure)
Press: ? - help, Dir - move target, f - worm
Aim: a worm (chance to affect: 62%)
The worm is filled with an inner flame.
The worm misses you.
You hit the worm.
Flame seeps out of the worm.
The worm is moderately wounded.
The worm is engulfed in blazing flames.
The worm explodes!
The fiery explosion engulfs you!
You are engulfed in blazing flames.
Ouch! That really hurt!
You die...

#.####........#
#.#
#.)...####...
#.#
#........###
#.#
##.........##
#..
#.######...##
#..
###....##...#
## #.<
#..##(##...#
#.. #..
#..§###...##
#...##..
##.§@§...##
........
###§§.###
#.#.##.. #####
#.......
####.#.#
........#
.#####).# #..#
#..# #.>#


There were no monsters in sight!

Vanquished Creatures
  3 worms (D:2)
  A dart slug (D:1)
  6 bats (D:1)
  2 endoplasms
  A giant cockroach (D:1)
  3 goblins
  6 hobgoblins
  2 quokkas
  4 ball pythons (D:1)
  A frilled lizard (D:2)
  4 kobolds
  6 rats
39 creatures vanquished.

Vanquished Creatures (others)
  21 foxfires
21 creatures vanquished.

Grand Total: 60 creatures vanquished

Notes
Turn   | Place    | Note
-------+----------+-------------------------------------------
     0 | D:1      | LadyOphelia the Draconian Fire Elementalist began the quest
                  | for the Orb.
     0 | D:1      | Reached XP level 1. HP: 14/14 MP: 3/3
   319 | D:1      | Reached XP level 2. HP: 16/20 MP: 5/5
   815 | D:1      | Learned a level 2 spell: Scorch
  1281 | D:1      | Reached XP level 3. HP: 25/26 MP: 6/6
  1562 | D:2      | HP: 1/26 [worm (5)]
  2798 | D:2      | Learned a level 3 spell: Inner Flame
  2836 | D:2      | Engulfed by a cloud of flame

Illustrated notes

Levels and vault maps discovered:
D:1:      doesnt_arrival_eight_statues, layout_basic, minmay_pentomino_o4
D:2:      layout_basic, minmay_puff

Skill      XL: |  1  2 |
---------------+-------+-----
Stealth        | 2 |  2.3
Dodging        | 2 |  2.0
Spellcasting   | |  2.4
Conjurations   | |  1.7
Fire Magic     | |  3.5

Action                   || total
-------------------------++-------
Melee: Unarmed           ||    67
       Tailslap          ||    16
       Dagger            ||    74
 Cast: Foxfire           ||    14
       Scorch            ||    12
       Inner Flame       ||     1
  Use: Scroll            ||     2
 Stab: Sleeping          ||     1
Armor: Skin              ||    46
Dodge: Dodged            ||   106

Table legend: (Time is in decaauts)
 A = Elapsed time spent in this place.
 B = Non-inter-level travel time spent in this place.
 C = Inter-level travel time spent in this place.
 D = Time resting spent in this place.
 E = Time spent auto-exploring this place.
 F = Levels seen in this place.
 G = Mean time per level.
                   A        B        C        D        E       F      G
               +--------+--------+--------+--------+--------+-----+--------+
         Total |   2835 |   2795 |     40 |    887 |   1358 |   2 | 1417.5 |
       Dungeon |   2835 |   2795 |     40 |    887 |   1358 |   2 | 1417.5 |
               +--------+--------+--------+--------+--------+-----+--------+

Top non-repeatable levels by time:
     D:1: 1544 daAuts
     D:2: 1291 daAuts
